AoeStats
← talaria

Arabia

509780674Analyzed
4v4 RM · 4d ago on Sep 28, 2026· 32m 1s· 8 players
Game mode
Random Map
Map size
Large (8 player)
Population
200
Speed
Normal
Resources
Standard
Victory
Conquest
Starting age
Dark Age
Ending age
Imperial Age
RankedLock teamsTeams togetherTeam positionsShared explorationLock speedFull tech treeHidden civsTurbo modeCheats
Victory
Defeat
🇨🇴 Britons · Colombia
1345
+12
🇨🇴 Persians · Colombia
1276
+15
🇲🇽 Ethiopians · Mexico
1248
+15
🇲🇽 Magyars · Mexico
1238
+16
🇺🇸 Ethiopians · United States
1259
-15
🇺🇸 Hindustanis · United States
1253
-15
🇺🇸 Franks · United States
1242
-14
🇲🇽 Khitans · Mexico
1242
-14
Magnificent Bastard
8:01 Loom
10:17 Feudal Age
10:49 Double-Bit Axe
13:05 Bloodlines
13:07 Horse Collar
16:18 Forging
17:45 Scale Barding Armor
23:25 Fletching
29:01 Castle Age
31:20 Chain Barding Armor
talaria
6:28 Loom
9:10 Feudal Age
9:47 Double-Bit Axe
13:51 Fletching
15:39 Padded Archer Armor
16:01 Horse Collar
20:26 Town Watch
25:16 Castle Age
24:47 Wheelbarrow
24:35 Gold Mining
25:19 Crossbowman
25:20 Elite Skirmisher
26:06 Thumb Ring
25:58 Bodkin Arrow
Bensun
5:57 Loom
8:55 Feudal Age
10:07 Double-Bit Axe
16:50 Scale Barding Armor
21:48 Castle Age
20:25 Gold Mining
21:43 Forging
27:02 Chain Barding Armor
DSLG | Rommel
7:34 Loom
11:16 Feudal Age
11:56 Double-Bit Axe
18:49 Fletching
20:09 Padded Archer Armor
21:22 Domestication
24:24 Scale Mail Armor
28:12 Forging
[COBRA]HECTTOR
6:28 Loom
9:14 Feudal Age
11:11 Double-Bit Axe
15:24 Fletching
17:09 Padded Archer Armor
25:41 Castle Age
25:04 Gold Mining
25:43 Horse Collar
25:43 Crossbowman
26:20 Bodkin Arrow
27:50 Leather Archer Armor
29:23 Thumb Ring
31:26 Ballistics
Specialist
6:39 Loom
9:10 Feudal Age
14:38 Double-Bit Axe
27:42 Castle Age
25:56 Gold Mining
27:51 Wheelbarrow
27:50 Fletching
28:00 Padded Archer Armor
27:43 Horse Collar
27:59 Crossbowman
29:22 Bodkin Arrow
31:27 Leather Archer Armor
Ludwig Xan
5:51 Loom
8:40 Feudal Age
9:07 Double-Bit Axe
9:13 Horse Collar
17:53 Scale Barding Armor
22:29 Castle Age
21:05 Forging
21:32 Bloodlines
22:31 Wheelbarrow
22:19 Light Cavalry
23:01 Husbandry
23:29 Chain Barding Armor
30:49 Gold Mining
31:18 Bow Saw
[COBRA] EsauxD
7:02 Loom
9:20 Feudal Age
11:11 Double-Bit Axe
12:32 Horse Collar
15:35 Scale Barding Armor
24:36 Castle Age
25:32 Bloodlines
25:25 Husbandry
25:48 Chain Barding Armor
26:30 Bow Saw
26:13 Gold Mining
26:27 Heavy Plow
27:21 Wheelbarrow
30:44 Gold Shaft Mining
Connection lost

Rejoining the realm…

Still unreachable

The connection could not be restored.

Session expired

The server has moved on; the page needs a fresh start.